Map: Equilibrium LE

Players

RayReign

  • Race: Protoss Protoss
  • League: Grandmaster
  • Spawn Location: 1:00

PiG - Winner!

  • Race: Zerg Zerg
  • League: Master
  • Spawn Location: 11:00

VOD

Have the link to the VOD?

Description

Time

  • Played on: Oct. 28, 2023, 5:01 p.m.
  • Length: 11:04
Show
View Real Time Build Order
Export as new Build Order

RayReign Protoss 

Build Orders: 1 Gate Expand, Oracle Opening 

Get SALT Encoding   

  12  0:00  Probe  
  13  0:12  Probe  
  14  0:19  Pylon  
  14  0:24  Probe  
  15  0:37  Probe (Chrono Boost)  
  15  0:41  Gateway  
  16  0:49  Probe (Chrono Boost)  
  17  0:51  Assimilator  
  17  0:54  Probe (Chrono Boost)  
  18  1:04  Probe  
  19  1:17  Probe  
  20  1:28  Nexus  
  20  1:30  Probe  
  21  1:42  Cybernetics Core  
  21  1:45  Probe  
  22  1:51  Assimilator  
  22  1:57  Probe  
  23  2:03  Pylon  
  23  2:18  Adept (Chrono Boost)  
  23  2:21  Probe  
  26  2:24  Stargate  
  26  2:33  Warp Gate, Probe  
  27  2:38  Adept (Chrono Boost)  
  27  2:40  Probe (Chrono Boost)  
  30  2:50  Probe (Chrono Boost)  
  32  2:53  Probe (Chrono Boost)  
  32  2:58  Probe (Chrono Boost)  
  33  2:59  Probe (Chrono Boost)  
  33  3:01  Stalker  
  36  3:07  Probe  
  36  3:09  Probe  
  38  3:19  Probe  
  39  3:21  Probe  
  39  3:24  Void Ray (Chrono Boost)  
  44  3:28  Pylon  
  44  3:34  Gateway  
  44  3:40  Probe x2  
  46  3:51  Oracle (Chrono Boost)  
  46  3:52  Probe x2  
  51  3:57  Assimilator  
  51  3:59  Assimilator  
  51  4:00  Twilight Council  
  51  4:04  Probe x2  
  51  4:08  Pylon  
  53  4:20  Nexus  
  53  4:25  Pylon  
  53  4:28  Blink (Chrono Boost)  
  53  4:30  Probe x2  
  55  4:43  Robotics Facility  
  55  4:44  Probe x2  
  57  4:56  Probe x2  
  59  5:03  Stalker x2  
  63  5:07  Gateway x2  
  63  5:08  Probe  
  64  5:17  Pylon  
  64  5:20  Probe x2  
  65  5:27  Gateway  
  65  5:28  Gateway  
  65  5:31  Gateway  
  65  5:33  Gateway  
  65  5:41  Warp Prism (Chrono Boost)  
  66  5:43  Probe x2  
  66  5:48  Pylon  
  66  5:49  Probe  
  69  5:54  Stalker  
  69  5:55  Probe  
  69  5:56  Stalker  
  74  5:59  Shield Battery  
  74  6:00  Probe  
  74  6:02  Probe  
  76  6:12  Stalker x2  
  76  6:13  Observer (Chrono Boost)  
  81  6:24  Stalker x2  
  81  6:25  Stalker x2  
  89  6:28  Probe x3  
  92  6:37  Pylon  
  92  6:38  Pylon  
  92  6:46  Stalker x4  
  100  6:59  Stalker x4  
  106  7:15  Stalker x4  
  108  7:18  Probe x3  
  115  7:24  Stalker  
  115  7:29  Pylon  
  117  7:31  Pylon  
  115  7:40  Stalker  
  117  7:46  Stalker  
  117  7:48  Stalker x3  
  117  7:49  Stalker x2  
  127  7:52  Stalker  
  127  7:53  Charge  
  127  7:55  Nexus  
  113  8:14  Stalker x3  
  113  8:15  Stalker x4  
  103  8:22  Stalker  
  77  8:36  Probe x3  
  78  8:44  Pylon  
  78  8:45  Stalker x6  
  78  8:47  Zealot x2  
  78  8:48  Probe  
  90  8:54  Shield Battery  
  89  9:07  Forge  
  89  9:09  Forge  
  89  9:10  Shield Battery  
  89  9:11  Zealot x2, Stalker x2  
  97  9:27  Zealot x4  
  97  9:30  Probe x4  
  102  9:38  Dark Shrine  
  102  9:46  Probe x3 (Chrono Boost)  
  102  9:47  Probe (Chrono Boost)  
  101  9:54  Stalker x3  
  101  9:56  Probe x3 (Chrono Boost)  
  101  9:59  Stalker  
  112  10:05  Shield Battery  
  112  10:07  Probe x2  
  112  10:08  Probe  
  112  10:09  Zealot x2  
Show
View Real Time Build Order
Export as new Build Order

PiG Zerg - Winner!

Build Orders: Hatch First 

Get SALT Encoding   

  12  0:00  Drone  
  13  0:12  Overlord  
  13  0:17  Drone  
  14  0:30  Drone x2  
  16  0:48  Hatchery  
  15  0:51  Drone  
  15  0:55  Drone  
  17  0:59  Drone  
  18  1:10  Extractor  
  17  1:14  Spawning Pool  
  16  1:18  Drone  
  16  1:20  Drone  
  18  1:29  Drone  
  19  1:39  Drone  
  20  2:01  Queen x2  
  20  2:02  Zergling x4  
  20  2:03  Zergling x2  
  27  2:17  Overlord  
  27  2:19  Metabolic Boost  
  27  2:29  Drone  
  28  2:38  Drone x3  
  28  2:40  Queen  
  33  2:49  Overlord  
  33  2:50  Drone x2  
  35  3:00  Hatchery  
  35  3:01  Zergling x2  
  34  3:16  Spore Crawler  
  34  3:20  Queen  
  34  3:22  Drone x8  
  44  3:32  Spore Crawler  
  44  3:33  Overlord  
  43  3:34  Overlord  
  43  3:41  Unknown  
  43  3:48  Zergling x4  
  44  3:56  Queen  
  44  3:57  Hatchery  
  44  3:58  Drone  
  46  4:06  Zergling x8  
  49  4:17  Overlord  
  49  4:20  Drone x5  
  54  4:31  Drone x5, Spore Crawler  
  58  4:42  Drone x2  
  59  4:50  Drone x5, Spore Crawler  
  63  5:02  Drone x2  
  63  5:04  Lair  
  65  5:08  Roach Warren  
  65  5:10  Extractor  
  65  5:11  Extractor, Overlord x3  
  61  5:14  Drone x5  
  61  5:17  Drone x2  
  68  5:22  Drone x4  
  68  5:25  Extractor  
  71  5:30  Overlord  
  71  5:31  Spore Crawler  
  71  5:32  Drone x2  
  72  5:37  Drone x7  
  76  5:42  Spore Crawler  
  75  5:51  Roach x5  
  75  5:55  Drone x2, Evolution Chamber  
  75  5:56  Drone x2  
  88  5:59  Overlord x2  
  88  6:00  Drone x3  
  91  6:10  Hatchery  
  90  6:14  Glial Reconstitution  
  90  6:19  Spire  
  90  6:25  Roach x11  
  110  6:31  Queen  
  112  6:33  Overlord x3  
  112  6:38  Roach x3  
  118  6:41  Overlord x2  
  117  6:48  Ravager  
  117  6:49  Ravager  
  117  6:53  Spine Crawler  
  118  6:58  Overlord x2  
  118  6:59  Roach x9  
  136  7:05  Ravager x2  
  136  7:06  Ravager  
  136  7:07  Ravager  
  136  7:08  Zergling x14  
  144  7:21  Zergling x14  
  143  7:25  Ravager  
  143  7:26  Ravager x2  
  143  7:30  Zergling x6  
  143  7:35  Hatchery  
  141  7:45  Roach x8  
  154  7:56  Zergling x12  
  154  7:57  Zergling x6  
  155  8:08  Zergling x8  
  155  8:12  Zergling x2  
  143  8:19  Zergling x10  
  133  8:20  Overseer  
  133  8:26  Zergling x6  
  117  8:32  Zergling x4  
  117  8:33  Roach, Hatchery  
  108  8:43  Mutalisk x4  
  115  8:50  Extractor x2  
  113  8:57  Roach x10  
  131  9:03  Mutalisk x5  
  131  9:04  Hatchery  
  140  9:11  Mutalisk x3  
  145  9:20  Zergling x10  
  147  9:32  Evolution Chamber  
  147  9:37  Drone x5  
  147  9:38  Drone x2  
  148  9:39  Drone x7  
  153  10:04  Roach x12  
  153  10:06  Ravager x4  
  153  10:07  Ravager x2  
  182  10:08  Ravager  
Tags
 
Add a new tag
Caveats
  • Supply blocks, unpowered buildings, or Contaminate may cause inaccurate times.
  • Supply counts are checked every 10 seconds.